 Dungeon Crawl Stone Soup version 0.21.1-1-g345015f (webtiles) character file.

41868 KeyboardFingers the Bludgeoner (level 13, -1/122 HPs)
             Began as a Minotaur Berserker on June 11, 2018.
             Was a High Priest of Trog.
             Slain by a wolf spider (13 damage)
             ... on level 2 of the Spider Nest on June 15, 2018.
             The game lasted 02:06:56 (15632 turns).

KeyboardFingers the Bludgeoner (MiBe)              Turns: 15632, Time: 02:06:59

Health: -1/122     AC: 13    Str: 30    XL:     13   Next: 82%
Magic:  3/3        EV: 26    Int: 10    God:    Trog [*****.]
Gold:   224        SH:  0    Dex: 22    Spells: 12/12 levels left

rFire    . . .     SeeInvis .   y - +7 mace "Istonim" {venom, rC+ MR+ Str+4 Int+3}
rCold    + + .     Gourm    .   r - +1 shield
rNeg     . . .     Faith    .   o - +4 troll leather armour {Snorg}
rPois    .         Spirit   .   (helmet restricted)
rElec    .         Reflect  .   A - +0 cloak
rCorr    .         Harm     .   (no gloves)
MR       +....                  j - +0 pair of boots
Stlth    +++.......             x - amulet of regeneration
HPRegen  1.50/turn              a - ring of Leunuewn {MP-9 Int+3 Dex+3 Slay+3 Stlth+}
MPRegen  0.08/turn              L - +3 ring of dexterity

@: confused, agile, lethally poisoned (-1 -> -11), berserk cooldown, slowed,
very slow
A: retaliatory headbutt, horns 2, cold resistance 1, regeneration 1
a: Berserk, Trog's Hand, Brothers in Arms, Burn Spellbooks, Renounce Religion


You were on level 2 of the Spider Nest.
You worshipped Trog.
Trog was extremely pleased with you.
You were very hungry.

You visited 5 branches of the dungeon, and saw 17 of its levels.

You collected 1001 gold pieces.
You spent 777 gold pieces at shops.

Inventory:

Hand Weapons
 h - a +1 war axe of flaming
 y - the +7 mace "Istonim" (weapon) {venom, rC+ MR+ Str+4 Int+3}
   (You found it on level 5 of the Dungeon)

   It poisons the flesh of those it strikes.
   It affects your strength (+4).
   It affects your intelligence (+3).
   It protects you from cold.
   It affects your resistance to hostile enchantments.
 z - a +2 quarterstaff of chaos
 G - a +3 dire flail of venom
Missiles
 i - a silver tomahawk (quivered)
Armour
 j - a +0 pair of boots (worn)
 n - a +2 plate armour of magic resistance
 o - a +4 troll leather armour (worn) {Snorg}
 r - a +1 shield (worn)
 A - a +0 cloak (worn)
 F - a +1 ring mail of magic resistance
 I - +0 steam dragon scales
Jewellery
 a - the ring of Leunuewn (left hand) {MP-9 Int+3 Dex+3 Slay+3 Stlth+}
   (You bought it in a shop on level 9 of the Dungeon)

   [ring of intelligence]

   It affects your intelligence (+3).
   It affects your dexterity (+3).
   It affects your accuracy and damage with ranged weapons and melee attacks
   (+3).
   It affects your magic capacity (-9).
   It makes you more stealthy.
 g - a -3 ring of protection
 k - an uncursed ring of ice
 s - an uncursed amulet of magic regeneration
 x - an amulet of regeneration (around neck)
 L - a +3 ring of dexterity (right hand)
Wands
 b - a wand of paralysis (14)
 d - a wand of acid (12)
 p - a wand of disintegration (13)
 q - a wand of scattershot (7)
 w - a wand of flame (22)
 B - a wand of iceblast (30)
 E - a wand of polymorph (10)
Scrolls
 f - 6 scrolls of remove curse
 l - 4 scrolls of teleportation
 m - 8 scrolls of identify
 u - 5 scrolls of enchant weapon
 C - 2 scrolls of fog
 J - 3 scrolls of enchant armour
 K - a scroll of magic mapping {unknown}
Potions
 e - 2 potions of curing
 t - 3 potions of brilliance
 D - a potion of flight
Comestibles
 c - 12 rations


   Skills:
 + Level 13.2 Fighting
 * Level 15.6 Maces & Flails
   Level 5.4 Polearms
 * Level 11.1 Armour
 + Level 10.2 Dodging
 + Level 12.0 Shields
 * Level 0.4 Evocations


You had 12 spell levels left.
You didn't know any spells.

Dungeon Overview and Level Annotations

Branches:
Dungeon (10/15)            Temple (1/1) D:4            Lair (2/6) D:10
 Spider (3/4) Lair:2          Orc (1/2) D:9
  Swamp: Lair:2-4    Shoals: Lair:2-4

Altars:
Ashenzari
Cheibriados
Dithmenos
Elyvilon
Fedhas
Gozag
Hepliaklqana
Kikubaaqudgha
Makhleb
Nemelex Xobeh
Okawaru
Qazlal
Ru
Sif Muna
Trog
Uskayaw
Vehumet
Wu Jian
Xom
Yredelemnul
Zin
The Shining One

Shops:
D:9 =

Annotations:
Lair:1 exclusion: 2 oklob plants


Innate Abilities, Weirdness & Mutations

You reflexively headbutt those who attack you in melee.
You have a pair of horns on your head.
Your flesh is cold resistant. (rC+)
Your natural rate of healing is unusually fast.


Message History

Okay, then.
You feel extremely sick. The redback completely misses you.
The tarantella bites you!
* * * LOW HITPOINT WARNING * * *
You miss the wolf spider. You headbutt the wolf spider!
The wolf spider is lightly wounded.
You feel very sick. The tarantella bites you!
* * * LOW HITPOINT WARNING * * *
The wolf spider hits you but does no damage.
The wolf spider misses you.
The wolf spider hits you but does no damage.
The wolf spider completely misses you.
You feel agile all of a sudden.
* * * LOW HITPOINT WARNING * * *
You feel very sick. The wolf spider misses you.
The wolf spider closely misses you. The redback misses you.
The tarantella completely misses you. The wolf spider hits you!
You die...

#........###...#...###....#
#..#....##.#...#..##<.....#
#..#.......#...#.........##
#..##.........##.?....^...#
#..#...##.......>†#########
#..#....##..#..††##......#
##.#....#...#.#......[..##
.####...###.###sss.......#
.#........######@...######
.#...#.....^#.#...#......#
##...#........##..##.....#
#..#.#.#.#.#...#..#.....##
#.##########.^#####..#...#
### ##..........#..#.#.# ^#
#...........######## ###
##^.......#### ..#
#......#.....##


You could see a wolf spider, a tarantella and a redback.

Vanquished Creatures
  An entropy weaver (Spider:1)
  Snorg (D:10)
  Harold (D:10)
  A centaur warrior (D:10)
  Erica (D:8)
  3 two-headed ogres
  5 orb spiders
  An orc sorcerer (D:9)
  11 wolf spiders
  A black mamba (Lair:1)
  A gargoyle (D:10)
  4 spiny frogs
  4 komodo dragons
  5 demonic crawlers
  A troll (D:9)
  A queen bee (D:8)
  15 jumping spiders
  A polar bear (Lair:2)
  A hippogriff (Lair:2)
  5 hornets
  A dream sheep (Lair:2)
  42 redbacks
  8 tarantellas
  A vampire (D:10)
  18 yaks
  The ghost of Jaiteiro the Grasshopper, an amateur GnWr (D:3)
  A steam dragon (D:8)
  Edmund (D:4)
  2 water moccasins (Lair:2)
  2 black bears
  A porcupine (Lair:2)
  6 orc warriors
  4 ice beasts
  3 sky beasts
  2 phantoms
  An eye of draining (D:10)
  3 necrophages
  7 wolves
  4 centaurs
  A crocodile (Lair:2)
  A big kobold (D:9)
  8 bullfrogs
  2 gnoll sergeants (D:4)
  2 wyvern skeletons
  4 scorpions
  18 killer bees
  4 wights (D:7)
  An electric eel (D:8)
  2 howler monkeys
  3 crimson imps
  A hound (D:4)
  2 bullfrog skeletons
  11 orc priests
  Crazy Yiuf (D:5)
  2 iguanas
  7 worker ants
  13 orc wizards
  2 hound skeletons (D:10)
  Robin (D:2)
  9 gnolls
  10 adders
  A shadow imp (D:7)
  An adder skeleton (D:10)
  2 dart slugs
  2 worms
  4 leopard geckos
  52 orcs
  6 bats
  8 giant cockroaches
  10 hobgoblins
  6 jackals (D:1)
  11 kobolds
  4 quokkas
  A ball python (D:2)
  3 frilled lizards
  10 goblins
  A quokka skeleton (D:5)
  5 rats
  3 fungi
  4 plants
411 creatures vanquished.

Vanquished Creatures (collateral kills)
  An emperor scorpion (Spider:2)
  Fannar (Lair:1)
  2 hydras (Lair:1)
  An ugly thing (D:10)
  A demonic crawler (Spider:2)
  A jumping spider (Spider:2)
  A redback (Spider:3)
  A tarantella (Spider:2)
  2 yaks (Lair:1)
  An orc warrior (D:10)
  2 porcupines (Lair:1)
  2 wolves (Lair:1)
  A crocodile (Lair:1)
  A bullfrog (Lair:1)
  An orc wizard (D:10)
  An orc (D:10)
20 creatures vanquished.

Vanquished Creatures (others)
  4 dream sheep (Lair:2)
  A tarantella (Spider:2)
  A plant (Lair:1)
6 creatures vanquished.

Grand Total: 437 creatures vanquished

Notes
Turn   | Place    | Note
-------+----------+-------------------------------------------
     0 | D:1      | KeyboardFingers the Minotaur Berserker began the quest for the Orb.
     0 | D:1      | Reached XP level 1. HP: 19/19 MP: 0/0
    98 | D:1      | Reached XP level 2. HP: 22/27 MP: 1/1
   419 | D:1      | Reached XP level 3. HP: 13/33 MP: 2/2
   778 | D:2      | Noticed Robin
   790 | D:2      | Killed Robin
   849 | D:2      | Reached ** piety under Trog
  1067 | D:2      | Reached XP level 4. HP: 37/41 MP: 3/3
  1384 | D:2      | Reached skill level 5 in Polearms
  1933 | D:3      | Reached XP level 5. HP: 34/47 MP: 4/4
  2613 | D:3      | Reached skill level 1 in Shields
  2622 | D:3      | Reached skill level 1 in Maces & Flails
  2676 | D:3      | Found an iron altar of Okawaru.
  2768 | D:3      | Noticed Jaiteiro's ghost (amateur GnWr)
  2783 | D:3      | Reached skill level 2 in Maces & Flails
  2787 | D:3      | Killed Jaiteiro's ghost
  2787 | D:3      | Reached skill level 5 in Fighting
  2787 | D:3      | Reached skill level 3 in Maces & Flails
  2787 | D:3      | Reached XP level 6. HP: 49/56 MP: 5/5
  3326 | D:4      | Found a staircase to the Ecumenical Temple.
  3334 | Temple   | Entered the Ecumenical Temple
  3480 | D:4      | Reached skill level 4 in Maces & Flails
  3481 | D:4      | Reached XP level 7. HP: 61/61 MP: 6/6
  4063 | D:5      | Entered Level 5 of the Dungeon
  4070 | D:5      | Reached skill level 5 in Maces & Flails
  4448 | D:4      | Reached skill level 6 in Maces & Flails
  4520 | D:5      | Reached *** piety under Trog
  4533 | D:5      | Noticed Edmund
  4793 | D:4      | Reached XP level 8. HP: 56/69 MP: 7/7
  4924 | D:4      | Killed Edmund
  5161 | D:5      | Reached skill level 7 in Maces & Flails
  5342 | D:5      | Found a runed door.
  5343 | D:5      | Got an ebony mace
  5357 | D:5      | Identified the +2 mace "Gemponni" {venom, rN++ Int-2 Dex+4} (You found it on level 5 of the Dungeon)
  5376 | D:5      | Noticed Crazy Yiuf
  5380 | D:5      | Killed Crazy Yiuf
  5384 | D:5      | Got a crude mace
  5387 | D:5      | Identified the +7 mace "Istonim" {venom, rC+ MR+ Str+4 Int+3} (You found it on level 5 of the Dungeon)
  5456 | D:5      | Found a deep blue altar of Sif Muna.
  5663 | D:6      | Reached skill level 5 in Armour
  5698 | D:6      | Found a sparkling altar of Nemelex Xobeh.
  5716 | D:6      | Found a basalt altar of Yredelemnul.
  5860 | D:6      | Reached **** piety under Trog
  5902 | D:6      | Found an opulent altar of Gozag.
  5940 | D:6      | Reached skill level 8 in Maces & Flails
  6000 | D:6      | Reached skill level 5 in Shields
  6359 | D:7      | Found a snail-covered altar of Cheibriados.
  6541 | D:7      | Found a stormy altar of Qazlal.
  6543 | D:7      | Reached XP level 9. HP: 66/79 MP: 8/8
  6678 | D:7      | Reached skill level 9 in Maces & Flails
  6761 | D:7      | Found a shimmering altar of Xom.
  7108 | D:8      | Found a blossoming altar of Fedhas.
  7332 | D:8      | Noticed Erica
  7348 | D:8      | Killed Erica
  7348 | D:8      | Reached skill level 10 in Maces & Flails
  7952 | D:8      | Noticed a two-headed ogre
  7959 | D:8      | Killed a two-headed ogre
  7959 | D:8      | Reached skill level 11 in Maces & Flails
  7959 | D:8      | Reached XP level 10. HP: 90/90 MP: 9/9
  8072 | D:8      | Reached ***** piety under Trog
  8180 | D:8      | Reached skill level 5 in Dodging
  8806 | D:9      | Noticed a two-headed ogre
  8813 | D:9      | Killed a two-headed ogre
  8944 | D:9      | Found Qealeose's Jewellery Emporium.
  8952 | D:9      | Bought the ring of Leunuewn {MP-9 Int+3 Dex+3 Slay+3 Stlth+} for 357 gold pieces
  9334 | D:9      | Found a staircase to the Orcish Mines.
  9354 | Orc:1    | Entered Level 1 of the Orcish Mines
  9359 | Orc:1    | Noticed an orc sorcerer
  9475 | D:9      | Killed an orc sorcerer
  9475 | D:9      | Reached skill level 12 in Maces & Flails
  9735 | Orc:1    | Reached XP level 11. HP: 74/99 MP: 1/10
 10138 | D:9      | Found a hide-covered altar of Uskayaw.
 10140 | D:9      | Found an ornate altar of the Wu Jian Council.
 10140 | D:9      | Found an iron altar of Okawaru.
 10569 | D:10     | Entered Level 10 of the Dungeon
 10645 | D:10     | Noticed Snorg
 10655 | D:10     | Killed Snorg
 10673 | D:10     | Gained mutation: Your flesh is cold resistant. (rC+) [potion of mutation]
 10673 | D:10     | Gained mutation: Your natural rate of healing is unusually fast. [potion of mutation]
 10679 | D:10     | Noticed a red ugly thing
 10687 | D:10     | Killed a red ugly thing
 10687 | D:10     | Reached skill level 10 in Fighting
 10780 | D:10     | Found a staircase to the Lair.
 10946 | D:10     | Noticed a centaur warrior
 10956 | D:10     | Killed a centaur warrior
 10956 | D:10     | Reached skill level 10 in Shields
 10992 | Lair:1   | Entered Level 1 of the Lair of Beasts
 11057 | Lair:1   | Noticed a four-headed hydra
 11060 | Lair:1   | Killed a four-headed hydra
 11060 | Lair:1   | Reached skill level 13 in Maces & Flails
 11221 | Lair:1   | Noticed Fannar
 11235 | Lair:1   | Killed Fannar
 11363 | Lair:1   | Noticed an oklob plant
 11510 | Lair:1   | Noticed a four-headed hydra
 11516 | Lair:1   | Killed a four-headed hydra
 11897 | Lair:1   | Noticed an oklob plant
 11955 | Lair:2   | Reached XP level 12. HP: 61/108 MP: 2/11
 12196 | Lair:2   | Found a shimmering altar of Xom.
 12303 | Lair:2   | Reached skill level 14 in Maces & Flails
 12322 | Lair:2   | Found a hole to the Spider Nest.
 12806 | Spider:1 | Entered Level 1 of the Spider Nest
 12904 | D:10     | Noticed a two-headed ogre
 12910 | D:10     | Killed a two-headed ogre
 13038 | D:9      | Bought an uncursed amulet of regeneration for 420 gold pieces
 13248 | D:10     | Noticed Harold
 13262 | D:10     | Killed Harold
 13277 | D:10     | Received a gift from Trog
 13793 | Spider:1 | Noticed an entropy weaver
 13806 | Spider:1 | Killed an entropy weaver
 14395 | Spider:2 | Noticed an emperor scorpion
 14398 | Spider:2 | Reached skill level 10 in Armour
 14409 | Spider:2 | Killed an emperor scorpion
 14409 | Spider:2 | Reached XP level 13. HP: 79/119 MP: 3/12
 14561 | Spider:2 | Paralysed by a hornet for 3 turns
 14616 | Spider:2 | Reached skill level 15 in Maces & Flails
 15114 | Spider:3 | Noticed an entropy weaver
 15210 | Spider:2 | HP: 4/119 [redback (14)]
 15211 | Spider:2 | HP: 1/119 [poisoned by a redback]
 15444 | Spider:3 | Reached skill level 10 in Dodging
 15632 | Spider:2 | Slain by a wolf spider

Skill      XL: |  1  2  3  4  5  6  7  8  9 10 11 12 13 |
---------------+----------------------------------------+-----
Polearms       | 4 5 |  5.4
Fighting       | 4 5 7 8 9 10 12 13 | 13.2
Dodging        | 3 4 5 6 7 10 | 10.2
Armour         | 3 4 5 6 7 8 10 11 | 11.1
Shields        | 2 3 5 6 9 10 11 12 | 12.0
Maces & Flails | 3 4 6 8 11 12 13 14 15 | 15.6
Evocations     | |  0.4

Action                   |  1- 3 |  4- 6 |  7- 9 | 10-12 | 13-15 || total
-------------------------+-------+-------+-------+-------+-------++-------
Melee: Spear             |    96 |    63 |       |       |       ||   159
       Headbutt          |     8 |    21 |    55 |   128 |    59 ||   271
       Flail             |       |    57 |   125 |       |       ||   182
       Mace              |       |       |   170 |   420 |   164 ||   754
       War axe           |       |       |       |    20 |       ||    20
Throw: Tomahawk          |       |     2 |     2 |     1 |     1 ||     6
Invok: Berserk           |     2 |     2 |     4 |    11 |     2 ||    21
       Burn Spellbooks   |       |       |     1 |     3 |       ||     4
       Brothers in Arms  |       |       |       |     6 |     4 ||    10
Evoke: Wand              |       |       |       |     1 |       ||     1
  Use: Scroll            |     3 |     2 |     6 |     3 |     1 ||    15
       Potion            |     1 |     1 |     4 |     3 |     7 ||    16
 Stab: Sleeping          |       |       |       |     6 |       ||     6
       Fleeing           |       |       |       |     1 |       ||     1
       Distracted        |       |       |       |       |     2 ||     2
  Eat: Chunk             |     2 |     6 |    17 |    12 |     2 ||    39
       Ration            |       |     1 |     1 |     6 |     1 ||     9
Armor: Animal skin       |     5 |       |       |       |       ||     5
       Leather armour    |       |    17 |       |       |       ||    17
       Ring mail         |       |    20 |    50 |    41 |       ||   111
       Scale mail        |       |       |    10 |       |       ||    10
       Chain mail        |       |       |    27 |       |       ||    27
       Troll leather arm |       |       |       |    51 |    82 ||   133
Dodge: Dodged            |    48 |    72 |    99 |   194 |   178 ||   591
Block: Buckler           |     1 |    12 |       |       |       ||    13
       Shield            |       |    13 |   133 |   311 |   215 ||   672
